 Dungeon Crawl Stone Soup version 0.18.1-48-g4cf74bf (webtiles) character file.

498 ololoev the Magician (level 6, 0/32 HPs)
             Began as a Deep Elf Fire Elementalist on July 28, 2016.
             Was an Initiate of Sif Muna.
             Slain by a worker ant (4 damage)
             ... on level 5 of the Dungeon.
             The game lasted 00:08:35 (1177 turns).

ololoev the Magician (Deep Elf Fire Elementalist)   Turns: 1177, Time: 00:08:36

Health: 0/32       AC:  2    Str:  5      XL:     6   Next: 94%
Magic:  1/16       EV: 13    Int: 22      God:    Sif Muna [......]
Gold:   176        SH:  0    Dex: 14 (15) Spells: 4 memorised, 5 levels left

rFire  . . .     SeeInvis .     l - +5 dagger (venom)
rCold  . . .     Gourm    .     a - +0 robe
rNeg   . . .     Faith    .     (no shield)
rPois  .         Spirit   .     (helmet restricted)
rElec  .         Dismiss  .     (no cloak)
rCorr  .         Reflect  .     (no gloves)
SustAt .         Harm     .     (no boots)
MR     .....                    (no amulet)
Stlth  +.........               (no ring)
                                j - ring of loudness (curse)

@: very slightly contaminated, not resistant to hostile enchantments, very
unstealthy
A: antennae 1, talons 1, MP-powered wands
a: Renounce Religion


Innate Abilities, Weirdness & Mutations

You have a pair of small antennae on your head.
You have sharp toenails.
You expend magic power (3 MP) to strengthen your wands.

Inventory:

Hand Weapons
 l - a +5 dagger of venom (weapon)
Armour
 a - a +0 robe (worn)
Jewellery
 j - a cursed ring of loudness (left hand)
Wands
 q - a wand of paralysis (6/24)
 v - a wand of random effects (33/48)
Scrolls
 d - 2 scrolls of magic mapping {unknown}
 e - a scroll of enchant weapon {unknown}
 i - a scroll of teleportation {unknown}
 k - a scroll of noise {unknown}
 m - 2 scrolls of recharging {unknown}
 n - 2 scrolls of remove curse {unknown}
 t - 2 scrolls of identify {unknown}
 u - a scroll of fog {unknown}
Potions
 f - a potion of agility {unknown}
 h - a potion of cure mutation {unknown}
 o - a potion of ambrosia
 w - a potion of curing {unknown}
Books
 b - a book of Flames

   Spells                             Type                      Level
   a - Flame Tongue                   Conjuration/Fire             1
   b - Throw Flame                    Conjuration/Fire             2
   c - Conjure Flame                  Conjuration/Fire             3
   d - Inner Flame                    Hexes/Fire                   3
   e - Sticky Flame                   Conjuration/Fire             4
   f - Fireball                       Conjuration/Fire             5
Comestibles
 c - 4 bread rations
 g - 2 meat rations
 p - a beef jerky
 r - a slice of pizza
 s - 2 chunks of flesh


   Skills:
 - Level 2.4 Dodging
 - Level 2.4 Stealth
 * Level 5.6 Spellcasting
 * Level 5.3 Conjurations
 * Level 5.0 Fire Magic
 + Level 1.5 Invocations


You had 5 spell levels left.
You knew the following spells:

 Your Spells              Type           Power        Failure   Level  Hunger
a - Flame Tongue          Conj/Fire      ####.        1%          1    None
b - Conjure Flame         Conj/Fire      ####....     3%          3    ##.....
c - Sticky Flame          Conj/Fire      ####....     12%         4    ####...
e - Inner Flame           Hex/Fire       ###.....     12%         3    ##.....


You were on level 5 of the Dungeon.
You worshipped Sif Muna.
Sif Muna was noncommittal.
You were hungry.

You visited 2 branches of the dungeon, and saw 8 of its levels.

You collected 176 gold pieces.

#.#
###..8.8.8..#
...
......⌠.⌠...#
#.#
##.8.>.8..#
#.# #..⌠.⌠...#
##.##
#.8.8.8..#
#.######...##
#.......F#
#.....#.###.##
#...###5.#
#..## ##.#
....## #..#
#..# #@# ##.#
#..# #..##
#a###
#.######..#
#.#.###a##..
..........#
#.##...# .#
.#######.# #.
##.## a# #.#
#. #.## .# #.#
#. #..###.##
#.# #.
#..§aa..###.#
#.# ##
#..#r>......#
#.#

Notes
Turn   | Place    | Note
--------------------------------------------------------------
     0 | D:1      | ololoev the Deep Elf Fire Elementalist began the quest for the Orb.
     0 | D:1      | Reached XP level 1. HP: 10/10 MP: 6/6
     0 | D:1      | ololoev: не, наги говно
     0 | D:1      | ololoev: не убежать, маны мало
   118 | D:2      | Reached XP level 2. HP: 14/15 MP: 1/8
   126 | D:2      | Found a shimmering altar of Xom.
   164 | D:2      | Found a basalt altar of Yredelemnul.
   167 | D:2      | Found an ancient bone altar of Kikubaaqudgha.
   172 | D:2      | Found a burning altar of Makhleb.
   176 | D:2      | Found a snail-covered altar of Cheibriados.
   194 | D:2      | Found a bloodstained altar of Trog.
   227 | D:2      | Reached XP level 3. HP: 16/19 MP: 0/9
   237 | D:2      | Learned a level 3 spell: Conjure Flame
   241 | D:2      | Sapher: да ты там просто ошибся
   248 | D:2      | Learned a level 3 spell: Inner Flame
   248 | D:2      | Sapher: лишний шаг вперед слелал или даже два
   248 | D:2      | ololoev: на самом деле да
   248 | D:2      | ololoev: влетел в толпу
   376 | D:3      | Noticed Jessica
   385 | D:3      | Killed Jessica
   389 | D:3      | ololoev: лолчто?
   396 | D:3      | Noticed Situis's ghost (amateur DsCK)
   447 | D:2      | Reached XP level 4. HP: 19/24 MP: 5/11
   529 | D:3      | Learned a level 4 spell: Sticky Flame
   618 | D:3      | Gained mutation: You expend magic power (3 MP) to strengthen your wands. [potion of mutation]
   618 | D:3      | Gained mutation: You have a pair of small antennae on your head. [potion of mutation]
   618 | D:3      | Gained mutation: You have sharp toenails. [potion of mutation]
   710 | D:4      | Reached XP level 5. HP: 17/28 MP: 9/13
   738 | D:5      | Entered Level 5 of the Dungeon
   839 | D:5      | Found a staircase to the Ecumenical Temple.
   850 | Temple   | Entered the Ecumenical Temple
   862 | Temple   | Became a worshipper of Sif Muna the Loreminder
   887 | D:5      | Noticed Prince Ribbit
  1100 | D:6      | Reached XP level 6. HP: 26/32 MP: 15/15
  1107 | D:6      | Reached skill level 5 in Spellcasting
  1136 | D:5      | Noticed an ice beast
  1137 | D:5      | crauler: мунец
  1143 | D:5      | Killed an ice beast
  1143 | D:5      | Reached skill level 5 in Conjurations
  1143 | D:5      | Reached skill level 1 in Invocations
  1156 | D:5      | crauler: хреновая версия веха стала еще больше похожа на хуевую версию веха
  1170 | D:5      | Noticed an ice beast
  1176 | D:5      | Killed an ice beast
  1176 | D:5      | Reached skill level 5 in Fire Magic
  1177 | D:5      | Slain by a worker ant

Dungeon Overview and Level Annotations

Branches:
Dungeon (7/15)             Temple (1/1) D:5

Altars:
Cheibriados
Dithmenos
Kikubaaqudgha
Makhleb
Qazlal
Sif Muna
Trog
Xom
Yredelemnul

Annotations:
D:3 Situis's ghost, amateur DsCK
D:5 Prince Ribbit


Message History

Confirm with . or Enter, or press ? or * to list all spells.
Aiming: Conjure Flame
Press: ? - help, Dir - move target cursor The fire roars!
Casting: Conjure Flame
Confirm with . or Enter, or press ? or * to list all spells.
Aiming: Conjure Flame
Press: ? - help, Dir - move target cursor The fire roars!
The worker ant twitches its antennae in your direction.
You are feeling hungry.
Casting: Conjure Flame
Confirm with . or Enter, or press ? or * to list all spells.
Aiming: Sticky Flame
Press: ? - help, Shift-Dir - straight line, f - ice beast
Aim: an ice beast The sticky flame hits the ice beast.
The ice beast appears unharmed.
The ice beast is covered in liquid flames!
The ice beast burns!
The ice beast hits you. The ice beast freezes you!
The ice beast burns!
Found a lumpy dark potion.
The ice beast burns!
The ice beast burns!
The ice beast burns!
You kill the ice beast!
Your Conjurations skill increases to level 5!
Your Invocations skill increases to level 1!
You feel your strength returning.
Casting: Sticky Flame
Confirm with . or Enter, or press ? or * to list all spells.
Aiming: Conjure Flame
Press: ? - help, Dir - move target cursor The fire roars!
What do you say? t - Shout!
Orders for allies: a - Attack new target. r - Retreat! s - Stop attacking. w - Wait here. f - Follow me.
Anything else - Stay silent.
You shout for attention!
You hear a blaring wail to the east.
Casting: Conjure Flame
Confirm with . or Enter, or press ? or * to list all spells.
Aiming: Inner Flame
Press: ? - help, Shift-Dir - straight line, f - quokka
Aim: a quokka (chance to defeat MR: 92%)
You miscast Inner Flame.
You are very lightly contaminated with residual magic.
You hear a sizzling sound.
Evoke which item? (* to show all) (? for menu, Esc to quit)
Okay, then.
You see here a lumpy dark potion.
w - a lumpy dark potion A worker ant comes into view.
The worker ant twitches its antennae in your direction.
You hit the worker ant.
The worker ant is poisoned.
The worker ant is lightly wounded.
The worker ant barely misses you.
An ice beast comes into view.
The worker ant barely misses you.
You kill the worker ant!
You feel your dexterity returning.
Casting: Inner Flame
Confirm with . or Enter, or press ? or * to list all spells.
Aiming: Sticky Flame
Press: ? - help, Shift-Dir - straight line, f - ice beast
Aim: an ice beast The sticky flame hits the ice beast.
The ice beast melts!
The ice beast is moderately wounded.
The ice beast is covered in liquid flames!
The ice beast burns!
The ice beast hits you. The ice beast freezes you.
The ice beast burns!
The ice beast burns!
The ice beast burns!
You kill the ice beast!
Your Fire Magic skill increases to level 5!
You feel your dexterity returning. The worker ant completely misses you.
You closely miss the worker ant. The worker ant bites you.
You die...

You could see 2 worker ants.

Vanquished Creatures
  2 ice beasts (D:5)
  A howler monkey (D:4)
  A crimson imp (D:5)
  A hound (D:6)
  A giant frog skeleton (D:4)
  An orc wizard (D:5)
  Jessica (D:3)
  3 worker ants
  3 adders (D:2)
  A worm (D:2)
  2 giant geckos
  A giant cockroach (D:2)
  4 goblins
  6 hobgoblins
  2 quokkas
  A bat (D:3)
  6 giant newts
  3 kobolds
  2 rats
42 creatures vanquished.

Action                   |  1- 3 |  4- 6 || total
-------------------------+-------+-------++-------
Melee: Short sword       |     4 |       ||     4
       Dagger            |       |    37 ||    37
       Kick              |       |     3 ||     3
 Cast: Flame Tongue      |    38 |    13 ||    51
       Conjure Flame     |     2 |     5 ||     7
       Sticky Flame      |       |     5 ||     5
  Use: Potion            |       |     4 ||     4
  Eat: Chunk             |       |     1 ||     1
Armor: Robe              |     5 |     3 ||     8
Dodge: Dodged            |    16 |    30 ||    46

Vault maps used:
D:1:      dpeg_arrival_boxorama, minmay_misc_feat_tiny, minmay_statues_item,
          st_stairs_8, minmay_newt_pond
D:2:      lemuel_doored_altar, lightli_temple_of_fire,
          grunt_temple_overflow_cloverleaf, overflow_temple_1_default,
          kennysheep_generic_room_16
D:3:      good_gods_mini_temple, nemelex_deck, serial_glass, glass_columns_b,
          glass_columns_b, glass_columns_a, glass_columns_b,
          grunt_ministairs_11, uniq_jessica, uniq_sigmund, uniq_robin
D:4:      serial_co_window_serial, co_window_paths_a, co_window_corner_a,
          co_window_paths_b, co_window_corner_a, co_window_corner_a,
          co_window_of_opportunity_a, co_window_corner_cb,
          co_window_of_opportunity_b, co_window_corner_b, co_window_corner_b,
          co_window_broadway_a, co_window_paths_d, glass_columns_b,
          glass_columns_a, glass_columns_b, first_bread,
          kennysheep_generic_room_6
D:5:      grunt_gozag_statues, kennysheep_mini,
          minmay_temple_entry_statues_fountains, kennysheep_generic_room_9,
          uniq_prince_ribbit1
D:6:      minmay_mini_ossuary, uniq_menkaure
D:7:      serial_curves, eino_curves_02, eino_curves_02
Temple:   circular_temple_6
